 Dungeon Crawl Stone Soup version 0.19-a0-1861-g35def1e (webtiles) character file.

1365 Naow the Cleaver (level 8, 0/99 HPs)
             Began as a Minotaur Berserker on Oct 12, 2016.
             Was a Priest of Trog.
             Slain by a warg (6 damage)
             ... on level 7 of the Dungeon.
             The game lasted 00:05:53 (5444 turns).

Naow the Cleaver (Minotaur Berserker)               Turns: 5444, Time: 00:05:54

Health: 0/99       AC:  8    Str: 27    XL:     8   Next: 38%
Magic:  7/7        EV: 10    Int:  6    God:    Trog [***...]
Gold:   209        SH:  0    Dex: 10    Spells: 0 memorised, 7 levels left

rFire  . . .     SeeInvis .     a - +0 hand axe
rCold  + . .     Gourm    .     o - +0 ring mail (curse)
rNeg   . . .     Faith    .     (no shield)
rPois  .         Spirit   .     (helmet restricted)
rElec  .         Dismiss  .     p - +0 cloak
rCorr  .         Reflect  .     F - +0 pair of gloves
MR     .....     Harm     .     E - +0 pair of boots
Stlth  ..........               j - amulet of magic regeneration
                                l - ring of stealth
                                g - ring of protection from cold

@: berserking, heavily drained, very quick
A: retaliatory headbutt, horns 2
a: Berserk, Trog's Hand, Burn Spellbooks, Renounce Religion


You were on level 7 of the Dungeon.
You worshipped Trog.
Trog was most pleased with you.
You were hungry.

You visited 1 branch of the dungeon, and saw 7 of its levels.

You collected 209 gold pieces.

Inventory:

Hand Weapons
 a - a +0 hand axe (weapon)
Armour
 b - a +0 animal skin
 o - a cursed +0 ring mail (worn)
 p - a +0 cloak (worn)
 E - a +0 pair of boots (worn)
 F - a +0 pair of gloves (worn)
Jewellery
 g - a ring of protection from cold (left hand)
 j - an amulet of magic regeneration (around neck)
 l - a ring of stealth (right hand)
 w - an uncursed ring of see invisible {unknown}
 H - an uncursed amulet of guardian spirit {unknown}
Wands
 C - a wand of flame (7/48)
 J - a wand of slowing (2/48)
Scrolls
 i - 5 scrolls of recharging {unknown}
 k - 4 scrolls of identify {unknown}
 m - a scroll of random uselessness {unknown}
 n - a scroll of magic mapping {unknown}
 s - a scroll of fog {unknown}
 v - a scroll of immolation {unknown}
 y - 2 scrolls of enchant weapon {unknown}
 B - a scroll of enchant armour {unknown}
 D - a scroll of amnesia {unknown}
 G - 2 scrolls of teleportation {unknown}
 I - a scroll of remove curse {unknown}
Potions
 d - 2 potions of degeneration {unknown}
 e - 2 potions of heal wounds {unknown}
 h - 5 potions of curing {unknown}
 r - 3 potions of might {unknown}
 u - a potion of flight {unknown}
 x - a potion of invisibility {unknown}
 A - a potion of mutation {unknown}
Comestibles
 c - 4 bread rations
 f - 3 fruits
 q - a slice of pizza
 t - 2 meat rations
 z - a beef jerky


   Skills:
 - Level 3.8(1.4) Fighting
 + Level 12.4(9.4) Axes
 - Level 2.5(0.2) Armour
 - Level 2.1(0.0) Dodging


You had 7 spell levels left.
You didn't know any spells.

Dungeon Overview and Level Annotations

Branches:
Dungeon (7/15)             Temple (0/1) D:4

Altars:
Dithmenos
Okawaru


Innate Abilities, Weirdness & Mutations

You reflexively headbutt those who attack you in melee.
You have a pair of horns on your head.


Message History

You are too injured to fight recklessly!
You are too injured to fight recklessly!
A red film seems to cover your vision as you go berserk!
You feel yourself moving faster!
You feel mighty!
You are feeling hungry.
The warg bites you.
* * * LOW HITPOINT WARNING * * *
The howler monkey hits you.
* * * LOW HITPOINT WARNING * * *
The howler monkey barely misses you. The warg misses you.
You furiously retaliate!
You headbutt the warg. You slash the howler monkey!
The howler monkey is almost dead.
You barely miss the warg. You closely miss the howler monkey.
The howler monkey is almost dead.
You closely miss the warg.
The howler monkey hoots and howls with incredible vigour!
The warg bites you.
You die...

#.. #.# #.# #.# #.#
##.#
###.##h.###############
......h@..............#
≈≈≈≈≈≈≈†≈≈≈≈≈≈≈≈≈≈...P#
≈≈≈≈≈≈≈≈≈≈≈≈≈≈≈≈≈≈....#
≈≈≈≈≈≈≈≈≈≈≈#####≈≈....#
...........#.o.#≈≈....#
############...#≈≈P...#
#+###≈≈....# #.≈≈≈....#
#.≈≈≈....#


You could see a warg and a howler monkey.

Vanquished Creatures
  The ghost of kusayu the Covert, a novice SpEn (D:6)
  Sigmund (D:4)
  A warg (D:7)
  The ghost of Naow the Magician, an amateur DECj (D:3)
  A sky beast (D:6)
  A phantom (D:4)
  2 scorpions
  A crimson imp (D:6)
  A howler monkey (D:7)
  A hound (D:5)
  2 centaur skeletons
  Natasha (thrice) (D:3)
  2 worker ants
  A hound skeleton (D:4)
  3 gnolls (D:6)
  A river rat (D:3)
  4 adders
  2 adder skeletons
  A worm (D:3)
  4 dart slugs
  5 leopard geckos
  10 orcs
  3 ball pythons
  8 giant cockroaches
  8 goblins
  6 hobgoblins
  8 jackals
  8 bats
  4 frilled lizards
  9 kobolds
  5 rats
108 creatures vanquished.

Notes
Turn   | Place    | Note
-------+----------+-------------------------------------------
     0 | D:1      | Naow the Minotaur Berserker began the quest for the Orb.
     0 | D:1      | Reached XP level 1. HP: 19/19 MP: 0/0
   139 | D:1      | Reached skill level 4 in Axes
   152 | D:1      | Reached XP level 2. HP: 23/27 MP: 1/1
   985 | D:2      | Found a faded altar of an unknown god.
   996 | D:2      | Reached ** piety under Trog
   996 | D:2      | Reached skill level 5 in Axes
   996 | D:2      | Reached XP level 3. HP: 29/33 MP: 2/2
  1034 | D:2      | Found a shadowy altar of Dithmenos.
  1665 | D:3      | Reached XP level 4. HP: 31/40 MP: 3/3
  1897 | D:3      | Reached skill level 6 in Axes
  1923 | D:3      | Noticed Naow's ghost (amateur DECj)
  1931 | D:3      | Killed Naow's ghost
  1931 | D:3      | Reached skill level 7 in Axes
  1931 | D:3      | Reached XP level 5. HP: 27/46 MP: 4/4
  1933 | D:3      | Noticed Natasha
  1942 | D:3      | Killed Natasha
  1942 | D:3      | Reached *** piety under Trog
  2370 | D:3      | Noticed Natasha
  2378 | D:3      | Killed Natasha
  2378 | D:3      | Reached skill level 8 in Axes
  2378 | D:3      | Reached XP level 6. HP: 46/52 MP: 5/5
  2414 | D:3      | Noticed Natasha
  2424 | D:3      | Killed Natasha
  2563 | D:4      | Noticed Sigmund
  2577 | D:4      | Killed Sigmund
  2577 | D:4      | Reached skill level 9 in Axes
  2844 | D:4      | Reached XP level 7. HP: 58/58 MP: 6/6
  3247 | D:4      | Found a staircase to the Ecumenical Temple.
  3566 | D:5      | Entered Level 5 of the Dungeon
  3626 | D:5      | Reached skill level 10 in Axes
  3700 | D:5      | Found an iron altar of Okawaru.
  4424 | D:6      | Noticed kusayu's ghost (novice SpEn)
  4474 | D:6      | Killed kusayu's ghost
  4474 | D:6      | Reached skill level 11 in Axes
  4688 | D:6      | Reached XP level 8. HP: 60/66 MP: 7/7
  5128 | D:6      | Reached skill level 12 in Axes
  5444 | D:7      | Slain by a warg

Vault maps used:
D:1:      matt_arrival_grand_opening
D:2:      ecumenical_altar_2, nicolae_dithmenos_shadow_blocks
D:3:      corexii_shack_village, gup_sewer_entry_bubbles, uniq_natasha
D:4:      first_bread, uniq_sigmund
D:5:      basic_altar, kennysheep_decorative_pillar, minmay_small_thing
D:7:      lemuel_castle_with_subvaults, uniq_joseph, uniq_pikel

Skill      XL: |  1  2  3  4  5  6  7  8 |
---------------+-------------------------+-----
Axes           | 4 5 7 8 9 11 12 | 12.4
Fighting       | |  3.8
Armour         | |  2.5
Dodging        | |  2.1

Action                   |  1- 3 |  4- 6 |  7- 9 || total
-------------------------+-------+-------+-------++-------
Melee: Hand axe          |    77 |   112 |   169 ||   358
       Headbutt          |    10 |    18 |    21 ||    49
Invok: Berserk           |       |     2 |     1 ||     3
       Trog's Hand       |       |     1 |     1 ||     2
 Stab: Sleeping          |     1 |     1 |     1 ||     3
  Eat: Chunk             |     2 |     6 |     4 ||    12
       Meat ration       |       |       |     1 ||     1
Armor: Animal skin       |     8 |       |       ||     8
       Ring mail         |    18 |    33 |    69 ||   120
Dodge: Dodged            |    43 |    41 |    72 ||   156
